 Dungeon Crawl Stone Soup version 0.24.0-37-gcf1ca852f1 (webtiles) character file.

Game seed: 11545729516049727515, levelgen mode: deterministic

1169 Cryoshakespeare the Covered (level 8, -4/73 HPs)
             Began as a Deep Dwarf Fighter on Nov 23, 2019.
             Was an Initiate of Makhleb.
             Slain by an ogre
             ... wielding a +0 giant spiked club
              (16 damage)
             ... on level 6 of the Dungeon.
             The game lasted 00:08:16 (4428 turns).

Cryoshakespeare the Covered (Deep Dwarf Fighter)    Turns: 4428, Time: 00:08:17

Health: -4/73      AC:  6    Str: 21    XL:     8   Next: 17%
Magic:  4/4        EV: 11    Int: 12    God:    Makhleb [......]
Gold:   374        SH: 11    Dex: 12    Spells: 7/7 levels left

rFire    . . .     SeeInvis .   x - +1 short sword (vamp)
rCold    . . .     Gourm    .   c - +1 shield
rNeg     . . .     Faith    .   B - +0 ring mail (curse)
rPois    .         Spirit   .   (no helmet)
rElec    .         Reflect  .   (no cloak)
rCorr    .         Harm     .   (no gloves)
MR       +++..                  (no boots)
Stlth    +.........             D - amulet of rage
HPRegen  0.00/turn              A - ring of Mucuw {MR+ Int+2}
MPRegen  0.09/turn              u - ring of protection from magic

@: non-regenerating
A: damage resistance, heal wounds, sense surroundings 1, no regeneration
a: Heal Wounds, Renounce Religion, Evoke Berserk Rage


You were on level 6 of the Dungeon.
You worshipped Makhleb.
Makhleb was noncommittal.
You were not hungry.

You visited 2 branches of the dungeon, and saw 7 of its levels.

You collected 374 gold pieces.

Inventory:

Hand Weapons
 a - a +0 war axe
 x - a +1 vampiric short sword (weapon)
Missiles
 g - 64 bolts
 s - a throwing net (quivered)
Armour
 c - a +1 shield (worn)
 B - a cursed +0 ring mail (worn)
Jewellery
 k - an uncursed ring of magical power
 o - a +2 ring of intelligence
 u - a ring of protection from magic (right hand)
 A - the ring of Mucuw (left hand) {MR+ Int+2}
   (You found it on level 5 of the Dungeon)

   [ring of intelligence]

   It affects your intelligence (+2).
   It affects your resistance to hostile enchantments.
 D - an amulet of rage (around neck)
Scrolls
 b - 2 scrolls of enchant armour
 e - a scroll of enchant weapon {unknown}
 h - 8 scrolls of remove curse
 l - a scroll of immolation {unknown}
 m - a scroll of noise {unknown}
 n - 2 scrolls of teleportation {unknown}
 q - 2 scrolls of fog {unknown}
 r - 2 scrolls of identify {unknown}
 v - 2 scrolls of amnesia {unknown}
 y - 2 scrolls of blinking {unknown}
 C - a scroll of magic mapping {unknown}
Potions
 d - 4 potions of haste {unknown}
 i - 2 potions of curing {unknown}
 j - 2 potions of heal wounds {unknown}
 p - 2 potions of flight {unknown}
 t - 2 potions of degeneration {unknown}
 w - a potion of cancellation {unknown}
 z - a potion of might
Comestibles
 f - 7 rations


   Skills:
 + Level 4.7 Fighting
 + Level 2.1 Short Blades
 - Level 4.2 Axes
 + Level 5.8 Armour
 + Level 4.4 Dodging
 + Level 5.7 Shields


You had 7 spell levels left.
You didn't know any spells.
Your spell library was empty.

Dungeon Overview and Level Annotations

Branches:
Dungeon (6/15)             Temple (1/1) D:5

Altars:
Ashenzari
Cheibriados
Dithmenos
Elyvilon
Fedhas
Gozag
Hepliaklqana
Makhleb
Nemelex Xobeh
Okawaru
Qazlal
Sif Muna
Trog
Uskayaw
Vehumet
Wu Jian
Xom
Yredelemnul
Zin

Shops:
D:4 !


Innate Abilities, Weirdness & Mutations

You are resistant to damage.
You can heal yourself by infusing magical energy.
You passively map a small area around you.
You do not regenerate.


Message History

The ogre is moderately wounded.
The ogre hits you with a +0 giant spiked club.
* * * LOW HITPOINT WARNING * * *
You hit the ogre.
You feel better.
The ogre is heavily wounded.
The ogre hits you with a +0 giant spiked club.
* * * LOW HITPOINT WARNING * * *
You hit the ogre.
You feel better.
The ogre is severely wounded.
You puncture the ogre!
The ogre is almost dead.
The ogre closely misses you.
You hit the ogre but do no damage.
The ogre is almost dead.
The ogre hits you with a +0 giant spiked club!
* * * LOW HITPOINT WARNING * * *
You barely miss the ogre.
The ogre is almost dead.
The ogre hits you with a +0 giant spiked club!!
You die...

<.#...#.###.#
........###.### , *
.#####........# +##
#.##.###.# * ..## #.##.#
#.# , ...###.##.###.# #*
....##.##.....# ####.#.##
.....#.##...#.#####........
.....'..........@O.........
'
.....####...#######.##.....
, ....## #.....# #.# #.#.
...## #....... #.. ..* *
..## #....... ###. # * '##
#..... . .# .#######.. #
.....# * * .###.# *


You could see an ogre.

Vanquished Creatures
  Grinder (D:4)
  Duvessa (D:4)
  An ogre (D:4)
  A big kobold (D:3)
  A water moccasin skeleton (D:5)
  Dowan (D:4)
  A scorpion (D:6)
  A howler monkey (D:4)
  A crimson imp (D:5)
  A hound (D:4)
  An orc priest (D:4)
  3 orc wizards (D:4)
  Natasha (D:2)
  4 worker ants
  7 gnolls
  7 adders
  A shadow imp (D:5)
  2 oozes
  An adder skeleton (D:6)
  2 worms (D:2)
  A dart slug (D:3)
  3 leopard geckos
  5 orcs
  7 giant cockroaches
  4 goblins
  8 hobgoblins
  3 quokkas
  A ball python (D:3)
  2 bats
  4 frilled lizards
  19 kobolds
  A leopard gecko skeleton (D:4)
  4 rats
101 creatures vanquished.

Vanquished Creatures (others)
  An orc (D:4)
1 creature vanquished.

Grand Total: 102 creatures vanquished

Notes
Turn   | Place    | Note
-------+----------+-------------------------------------------
     0 | D:1      | Cryoshakespeare the Deep Dwarf Fighter began the quest for
                  | the Orb.
     0 | D:1      | Reached XP level 1. HP: 20/20 MP: 1/1
   207 | D:1      | Reached XP level 2. HP: 24/27 MP: 2/2
   404 | D:1      | Reached skill level 1 in Dodging
   553 | D:2      | Reached XP level 3. HP: 29/33 MP: 3/3
   896 | D:2      | Reached XP level 4. HP: 24/42 MP: 4/4
  1302 | D:2      | Found a hide-covered altar of Uskayaw.
  1384 | D:2      | Noticed Natasha
  1403 | D:2      | Killed Natasha
  1661 | D:3      | Reached XP level 5. HP: 37/49 MP: 5/5
  2069 | D:3      | Reached XP level 6. HP: 54/56 MP: 5/5
  2506 | D:4      | Noticed Dowan
  2507 | D:4      | Noticed Duvessa
  2530 | D:4      | Killed Dowan
  2549 | D:4      | Killed Duvessa
  2549 | D:4      | Reached skill level 5 in Shields
  2549 | D:4      | Reached XP level 7. HP: 48/64 MP: 3/3
  2582 | D:4      | Reached skill level 5 in Armour
  2591 | D:4      | Found Mib Qairimos's Distillery.
  2830 | D:4      | Reached skill level 1 in Short Blades
  3001 | D:4      | Noticed Grinder
  3019 | D:4      | Paralysed by Grinder for 6 turns
  3042 | D:4      | Killed Grinder
  3200 | D:5      | Entered Level 5 of the Dungeon
  3305 | D:5      | Reached XP level 8. HP: 27/73 MP: 4/4
  3322 | D:5      | Found a staircase to the Ecumenical Temple.
  3329 | Temple   | Entered the Ecumenical Temple
  3508 | Temple   | Became a worshipper of Makhleb the Destroyer
  3633 | D:5      | Got a flickering glass ring
  3635 | D:5      | Identified the ring of Mucuw {MR+ Int+2} (You found it on
                  | level 5 of the Dungeon)
  4428 | D:6      | Slain by an ogre

Levels and vault maps discovered:
D:1:      giann_forest_graveyard, layout_loops_ring, serial_park_tiny_pond,
          minmay_misc_feat_four_crosses
D:2:      layout_basic, lemuel_crystal_altar, uniq_natasha
D:3:      cheibrodos_thug_alley, layout_basic
D:4:      layout_basic, serial_shops, shop, uniq_duvessa, uniq_grinder
D:5:      layout_basic, minmay_temple_entry_mini_moons, first_ration,
          kennysheep_small_circle
D:6:      layout_loops_corners
Temple:   hc_temple_tempest_star

Skill      XL: |  1  2  3  4  5  6  7  8 |
---------------+-------------------------+-----
Dodging        | 1 2 3 4 |  4.4
Fighting       | 3 4 |  4.7
Axes           | 3 4 |  4.2
Armour         | 4 5 |  5.8
Shields        | 4 5 |  5.7
Short Blades   | 1 2 |  2.1

Action                   |  1- 3 |  4- 6 |  7- 9 || total
-------------------------+-------+-------+-------++-------
Melee: War axe           |    89 |   205 |     9 ||   303
       Short sword       |       |       |   248 ||   248
 Abil: Heal Wounds       |       |     8 |     1 ||     9
       Evoke Berserk Rag |       |       |     1 ||     1
  Use: Scroll            |     2 |       |       ||     2
       Potion            |       |     1 |       ||     1
  Eat: Chunk             |       |     6 |     2 ||     8
       Ration            |       |       |     2 ||     2
Armor: Chain mail        |    64 |   103 |    55 ||   222
       Ring mail         |       |       |    16 ||    16
Dodge: Dodged            |    25 |    47 |    63 ||   135
Block: Shield            |    47 |   163 |   145 ||   355
